 Dungeon Crawl Stone Soup version 0.28.0-53-g5a82cb258f (webtiles) character file.

Game seed: 7831382464107699286

35044 Gabide the Contaminator (level 13, -1/123 HPs)
             Began as a Naga Venom Mage on June 10, 2022.
             Was the Champion of Jiyva.
             Slain by a small abomination (13 damage)
             ... on level 6 of the Lair of Beasts.
             The game lasted 00:41:25 (12277 turns).

Gabide the Contaminator (Naga Venom Mage)          Turns: 12277, Time: 00:41:26

Health: -1/123     AC: 13    Str: 19    XL:     13   Next: 81%
Magic:  14/17      EV:  8    Int: 24    God:    Jiyva [******]
Gold:   1021       SH:  0    Dex: 13    Spells: 11/18 levels left

rFire   . . .      SeeInvis +   p - +6 shillelagh "Devastator" {shatter}
rCold   . . .      Faith    .   (no shield)
rNeg    . . .      Spirit   .   q - +0 acid dragon scales
rPois   +          Reflect  .   (helmet restricted)
rElec   .          Harm     .   (no cloak)
rCorr   +          Rampage  .   u - +0 pair of gloves {Str+3}
rMut    +                       b - +0 barding
Will    ++...                   w - amulet of regeneration
Stlth   ++........              x - +6 ring of strength
HPRegen 2.70/turn               (no ring)
MPRegen 0.65/turn

@: about to teleport, short of breath, very slow
A: AC +4, large, see invisible, deformed body, poison resistance, slowness 2,
spit poison 2, naga tail 2, antennae 1, clever 2, strong-willed 1, mutation
resistance 3, pseudopods 3, jelly sensing items, MP-powered wands, engulf
a: Breathe Poison Gas, Renounce Religion, Oozemancy, Slimify


You were on level 6 of the Lair of Beasts.
You worshipped Jiyva.
Jiyva was exalted by your worship.
You visited 2 branches of the dungeon, and saw 14 of its levels.
You also visited: Bailey.

You collected 1208 gold pieces.
You spent 187 gold pieces at shops.

Inventory:

Hand Weapons
 e - the +8 hunting sling of Mastery {freeze, rElec rN+}
   (You found it in a bailey)

   Any ammunition fired from it freezes those it strikes, dealing additional
   cold damage.
   It can also slow down cold-blooded creatures.
   rElec:     It insulates you from electricity.
   rN:        It protects you from negative energy.
 p - the +6 shillelagh "Devastator" (weapon) {shatter}
   (You found it on level 4 of the Dungeon)

   It releases a powerful concussive burst when it strikes, dealing extra damage
   to the target and all other foes adjacent to them.
 r - a +3 flail of holy wrath
 v - the +5 hand axe "Beastbane" {venom, Contam rElec rPois rN++}
   (You found it on level 8 of the Dungeon)

   It poisons the flesh of those it strikes.
   rElec:     It insulates you from electricity.
   rPois:     It protects you from poison.
   rN:        It greatly protects you from negative energy.
   Contam:    It causes magical contamination when unequipped.
Missiles
 c - a throwing net
Armour
 b - a +0 barding (worn)
 q - +0 acid dragon scales (worn)
 u - a +0 pair of gloves of strength (worn)
Jewellery
 w - an amulet of regeneration (around neck)
 x - a +6 ring of strength (left hand)
Wands
 a - a wand of polymorph (12)
 g - a wand of iceblast (6)
 l - a wand of paralysis (1)
 o - a wand of flame (20)
Scrolls
 d - 3 scrolls of noise
 f - 2 scrolls of fog
 i - a scroll of enchant armour {unknown}
 j - 3 scrolls of teleportation
 k - a scroll of enchant weapon
 t - a scroll of immolation {unknown}
 z - a scroll of blinking {unknown}
 D - a scroll of fear {unknown}
Potions
 h - 2 potions of flight
 m - a potion of might
 n - a potion of curing
 s - 3 potions of mutation
 A - a potion of resistance
 B - a potion of cancellation {unknown}
 C - a potion of lignification {unknown}
Miscellaneous
 y - a lightning rod (4/4)


   Skills:
 - Level 10.0 Fighting
 + Level 8.8 Maces & Flails
 - Level 3.0 Armour
 - Level 3.0 Dodging
 - Level 3.5 Stealth
 - Level 3.0 Spellcasting
 - Level 1.1 Transmutations
 - Level 23.1 Poison Magic


You had 11 spell levels left.
You knew the following spells:

 Your Spells              Type           Power      Damage    Failure   Level
a - Sting                 Tmut/Pois      100%       1d8       1%          1
b - Poisonous Vapours     Pois/Air       100%       N/A       1%          2
c - Olgreb's Toxic Radia  Pois           85%        N/A       0%          4

Your spell library contained the following spells:

 Spells                   Type           Power      Damage    Failure   Level
 Mephitic Cloud           Conj/Pois/Air  40%        N/A       1%          3
 Pain                     Necr           12%        1d4       14%         1
 Fulminant Prism          Conj/Hex       1%         3d6       80%         4
 Iskenderun's Mystic Bla  Conj/Tloc      3%         2d3       80%         4
 Agony                    Necr           3%         N/A       98%         5
 Excruciating Wounds      Necr           1%         N/A       98%         5
 Lee's Rapid Deconstruct  Erth           1%         3d5*      98%         5


Dungeon Overview and Level Annotations

Branches:
Dungeon (8/15)             Temple (0/1) D:5            Lair (6/6) D:8
  Swamp (0/4) Lair:2        Snake (0/4) Lair:4       Bailey (visited)
  Slime: Lair:5-6

Altars:
Ashenzari
Elyvilon
Fedhas
Gozag
Okawaru
Ru
Sif Muna
Vehumet
Xom
Jiyva

Shops:
D:4 *   D:5 [   D:6 [   D:7 =


Innate Abilities, Weirdness & Mutations

Your serpentine skin is tough. (AC +4)
You have supernaturally acute eyesight. (SInv)
Armour fits poorly on your strangely shaped body.
Your system is resistant to poisons. (rPois)
You cover ground very slowly.
You can exhale a cloud of poison.
You can use your snake-like lower body to constrict enemies.
You have a pair of small antennae on your head.
Your mind is very acute. (Int +4)
You are strong-willed. (Will+)
You are almost entirely resistant to further mutation and mutation removal.
Armour fits poorly on your massive pseudopods.
You have a small jelly attached to you that senses nearby items.
You expend magic power (3 MP) to strengthen your wands.
Your melee attacks may engulf your foes in ooze.


Message History

The sticky flame hits you.
You are covered in liquid flames!
The spriggan hits you but does no damage.
Space warps horribly around you!
* * * LOW HITPOINT WARNING * * *
The green ugly thing punches you but does no damage.
Okay, then.
Okay, then.
You are covered in liquid flames!
* * * LOW HITPOINT WARNING * * *
The spriggan looks as sick as possible!
You feel very sick.
You kill the spriggan!
The smoke demon gestures at you. The sticky flame hits you.
You are covered in liquid flames!
* * * LOW HITPOINT WARNING * * *
You are covered in liquid flames!
* * * LOW HITPOINT WARNING * * *
Your surroundings suddenly seem different.
A small abomination comes into view.
You feel sick.
You can't do that yet.
Unknown command.
You are covered in liquid flames!
* * * LOW HITPOINT WARNING * * *
Your toxic aura wanes.
You feel sick.
The jelly barely misses the small abomination.
You are covered in liquid flames!
* * * LOW HITPOINT WARNING * * *
You feel sick.
You feel better.
You are covered in liquid flames!
* * * LOW HITPOINT WARNING * * *
You can't do that yet.
Okay, then.
As you read the scroll of teleportation, it crumbles to dust.
You feel strangely unstable. The small abomination hits you!
You die...

#.......... ... #..........
.....P...#( #..........
##...P.......
##........###P...........
#........................
##....................... ###
#........................
#.#####.......................
##...........@x.......#.......
#.#............##......##.....
##.............#.....#.#.#....
##..P...............##.....P..
#..............#....#.........
##.............#.....#........
##.....J........#.............
##.....#..............#........
##................P...#..##.....


You could see a small abomination and a neutral jelly (wandering)(fellow slime).

Vanquished Creatures
  Harold (D:8)
  Josephine (Lair:5)
  2 hydras (Lair:5)
  Sonja (Lair:2)
  A lindwurm (Lair:6)
  An oklob plant (Lair:4)
  Joseph (D:8)
  26 elephants
  2 black mambas
  11 cane toads
  Maggie (D:6)
  3 komodo dragons
  3 rime drakes
  Prince Ribbit (Lair:2)
  2 polar bears
  A hornet (D:8)
  17 blink frogs
  30 yaks
  A spriggan (Lair:6)
  3 wyverns (Lair:3)
  4 basilisks
  4 wraiths
  Edmund (D:6)
  3 chaos spawn (Lair:6)
  Menkaure (D:6)
  4 vampire mosquitoes (D:8)
  A naga (Lair:4)
  11 water moccasins
  A hornet zombie (D:7)
  2 small abominations (Lair:6)
  4 ogres
  A black bear (D:5)
  A centaur (D:8)
  5 wolves (Lair:5)
  5 kobold brigands (Bailey)
  5 bullfrogs
  4 scorpions
  6 killer bees (D:8)
  7 wights
  4 electric eels
  3 howler monkeys (D:7)
  2 bullfrog zombies
  2 orc priests
  2 hounds
  A centaur skeleton (D:5)
  An iguana (D:7)
  3 orc wizards
  A killer bee zombie (D:7)
  A hound skeleton (D:4)
  A howler monkey zombie (D:5)
  6 adders
  A shadow imp (D:7)
  A white imp (D:7)
  2 worms (D:2)
  2 dart slugs (D:1)
  17 orcs
  An endoplasm (D:1)
  2 giant cockroaches
  8 goblins
  7 hobgoblins
  2 jackals (D:5)
  2 quokkas
  5 ball pythons
  5 bats
  2 frilled lizards
  9 kobolds
  4 rats
  A spectral kobold (D:2)
277 creatures vanquished.

Vanquished Creatures (collateral kills)
  2 orc knights (Bailey)
  A rime drake (Lair:2)
  2 yaks (Lair:2)
  An orc warrior (Bailey)
  2 kobold brigands (Bailey)
8 creatures vanquished.

Vanquished Creatures (others)
  An acid blob (Lair:4)
  A black mamba (Lair:4)
  An elephant (Lair:1)
  A cane toad (Lair:4)
  A polar bear (Lair:3)
  A basilisk (Lair:2)
  A yak (Lair:4)
  2 wyverns
  3 water moccasins (Lair:4)
  An ice beast (D:5)
  3 bullfrogs
  62 jellies
  A wight (D:8)
  A hound (D:5)
  2 orc wizards (D:5)
  3 adders
  A howler monkey skeleton (D:5)
  4 orcs (D:5)
  3 goblins (D:2)
  A rat (D:2)
  104 fungi
  235 plants
433 creatures vanquished.

Grand Total: 718 creatures vanquished

Notes
Turn   | Place    | Note
-------+----------+-------------------------------------------
     0 | D:1      | Gabide the Naga Venom Mage began the quest for the Orb.
     0 | D:1      | Reached XP level 1. HP: 15/15 MP: 3/3
   155 | D:1      | Reached XP level 2. HP: 22/22 MP: 1/5
   945 | D:1      | Reached XP level 3. HP: 27/28 MP: 2/6
  1112 | D:1      | Learned a level 2 spell: Poisonous Vapours
  1525 | D:2      | Found a faded altar of an unknown god.
  1550 | D:2      | Prayed at the altar of an unknown god.
  1550 | D:2      | Became a worshipper of Jiyva Jafiugus the Shapeless
  1550 | D:2      | Reached * piety under Jiyva
  1595 | D:2      | Found a white marble altar of Elyvilon.
  2012 | D:2      | Reached ** piety under Jiyva
  2367 | D:3      | Reached XP level 4. HP: 37/37 MP: 2/8
  2565 | D:3      | Found a shimmering blue altar of Sif Muna.
  2818 | D:4      | Noticed a scorpion
  2825 | D:4      | Learned a level 4 spell: Olgreb's Toxic Radiance
  2837 | D:4      | Killed a scorpion
  2838 | D:4      | Reached XP level 5. HP: 35/46 MP: 2/9
  3011 | D:4      | Reached *** piety under Jiyva
  3090 | D:4      | Found a radiant altar of Vehumet.
  3127 | D:4      | Found the +6 shillelagh "Devastator" {shatter}
  3147 | D:4      | Reached skill level 1 in Armour
  3147 | D:4      | Reached XP level 6. HP: 56/56 MP: 10/10
  3203 | D:4      | Found Gozag's Platinum Reserve.
  3209 | D:4      | Found an opulent altar of Gozag.
  3211 | D:4      | Gained mutation: Armour fits poorly on your pseudopods.
                  | [Jiyva's grace]
  3211 | D:4      | Gained mutation: Armour fits poorly on your large
                  | pseudopods. [Jiyva's grace]
  3211 | D:4      | Gained mutation: Armour fits poorly on your massive
                  | pseudopods. [Jiyva's grace]
  3211 | D:4      | Gained mutation: You are partially covered in large bone
                  | plates. (SH +4) [Jiyva's grace]
  3647 | D:5      | Entered Level 5 of the Dungeon
  3665 | D:5      | Found a shimmering altar of Xom.
  3697 | D:5      | Found a blossoming altar of Fedhas.
  3697 | D:5      | Reached **** piety under Jiyva
  3750 | D:5      | Found Xexturch's Antique Armour Emporium.
  3892 | D:5      | Found a sacrificial altar of Ru.
  3979 | D:5      | Found a broken altar of Ashenzari.
  4009 | D:5      | Noticed a black bear
  4016 | D:5      | Killed a black bear
  4017 | D:5      | Reached XP level 7. HP: 62/62 MP: 3/11
  4282 | D:5      | Found a staircase to the Ecumenical Temple.
  4549 | D:6      | Found Diak's Antique Armour Shoppe.
  4605 | D:6      | Noticed Maggie
  4616 | D:6      | Killed Maggie
  4617 | D:6      | Reached skill level 5 in Poison Magic
  4617 | D:6      | Reached XP level 8. HP: 51/69 MP: 5/12
  4660 | D:6      | Noticed Menkaure
  4666 | D:6      | Killed Menkaure
  4667 | D:6      | Reached skill level 6 in Poison Magic
  4669 | D:6      | Reached skill level 7 in Poison Magic
  4713 | D:6      | Noticed Edmund
  4721 | D:6      | Killed Edmund
  4722 | D:6      | Reached skill level 8 in Poison Magic
  4757 | D:6      | Reached skill level 9 in Poison Magic
  4778 | D:6      | Reached XP level 9. HP: 75/75 MP: 5/13
  5072 | D:6      | Bought a pair of runed gloves for 187 gold pieces
  5121 | D:7      | Reached skill level 10 in Poison Magic
  5123 | D:7      | Reached ***** piety under Jiyva
  5230 | D:7      | Lost mutation: You are partially covered in large bone
                  | plates. (SH +4) [Jiyva's grace]
  5230 | D:7      | Gained mutation: Your melee attacks may engulf your foes in
                  | ooze. [Jiyva's grace]
  5230 | D:7      | Gained mutation: You have a pair of small antennae on your
                  | head. [Jiyva's grace]
  5230 | D:7      | Gained mutation: You have a pair of antennae on your head.
                  | [Jiyva's grace]
  5230 | D:7      | Gained mutation: You have a pair of large antennae on your
                  | head. (SInv) [Jiyva's grace]
  5339 | D:7      | Found Hajuc's Jewellery Emporium.
  5514 | D:7      | Found a white marble altar of Elyvilon.
  5528 | D:7      | Reached skill level 11 in Poison Magic
  5694 | D:8      | Reached skill level 12 in Poison Magic
  5722 | D:8      | Found an iron altar of Okawaru.
  5757 | D:8      | Noticed Harold
  5770 | D:8      | Killed Harold
  5771 | D:8      | Reached skill level 13 in Poison Magic
  5822 | D:8      | Found a flagged portal.
  5825 | D:8      | Noticed Joseph
  5836 | D:8      | Killed Joseph
  5837 | D:8      | Reached skill level 14 in Poison Magic
  5837 | D:8      | Reached XP level 10. HP: 72/84 MP: 6/14
  5851 | Bailey   | Entered a bailey
  5928 | Bailey   | Identified the +8 hunting sling of Mastery {freeze, rElec
                  | rN+}
  5929 | Bailey   | Noticed an orc knight
  5932 | Bailey   | Noticed an orc knight
  5942 | Bailey   | Killed an orc knight
  5943 | Bailey   | Reached skill level 15 in Poison Magic
  5944 | Bailey   | Killed an orc knight
  5952 | Bailey   | Reached skill level 16 in Poison Magic
  5993 | Bailey   | Found a bloodstained altar of Trog.
  6115 | D:8      | Paralysed by a hornet for 1 turns
  6248 | D:8      | Reached skill level 17 in Poison Magic
  6262 | D:8      | Found a staircase to the Lair.
  6407 | D:8      | Identified the +5 hand axe "Beastbane" {venom, Contam rElec
                  | rPois rN++}
  6625 | Lair:1   | Entered Level 1 of the Lair of Beasts
  6680 | Lair:1   | Noticed an elephant
  6693 | Lair:1   | Killed an elephant
  6724 | Lair:1   | Noticed a cane toad
  6735 | Lair:1   | Killed a cane toad
  6736 | Lair:1   | Reached XP level 11. HP: 24/90 MP: 10/15
  6797 | Lair:1   | Reached skill level 18 in Poison Magic
  6948 | Lair:1   | Reached ****** piety under Jiyva
  6950 | Lair:1   | Gained mutation: Your translucent skin slightly reduces
                  | your foes' accuracy. (Stealth+) [Jiyva's grace]
  6950 | Lair:1   | Gained mutation: Your translucent skin reduces your foes'
                  | accuracy. (Stealth+) [Jiyva's grace]
  6950 | Lair:1   | Gained mutation: Your transparent skin significantly
                  | reduces your foes' accuracy. (Stealth+) [Jiyva's grace]
  6950 | Lair:1   | Gained mutation: You are strong-willed. (Will+) [Jiyva's
                  | grace]
  7093 | Lair:1   | Reached skill level 19 in Poison Magic
  7452 | Lair:2   | Found a staircase to the Swamp.
  7470 | Lair:2   | Noticed Prince Ribbit
  7475 | Lair:2   | Killed Prince Ribbit
  7660 | Lair:2   | Noticed Sonja
  7665 | Lair:2   | Killed Sonja
  7666 | Lair:2   | Reached skill level 20 in Poison Magic
  7688 | Lair:2   | Noticed a seven-headed hydra
  7697 | Lair:2   | Slimified a seven-headed hydra
  7697 | Lair:2   | Noticed an acid blob
  7697 | Lair:2   | a seven-headed hydra changed into an acid blob
  7773 | Lair:2   | Reached skill level 21 in Poison Magic
  7773 | Lair:2   | Reached XP level 12. HP: 72/97 MP: 10/16
  8400 | Lair:3   | Noticed a five-headed hydra
  8409 | Lair:3   | Slimified a five-headed hydra
  8409 | Lair:3   | a five-headed hydra changed into a slime creature
  8589 | Lair:3   | Reached skill level 22 in Poison Magic
  9600 | Lair:4   | Lost mutation: You have a pair of large antennae on your
                  | head. (SInv) [Jiyva's grace]
  9600 | Lair:4   | Lost mutation: Your transparent skin significantly reduces
                  | your foes' accuracy. (Stealth+) [Jiyva's grace]
  9600 | Lair:4   | Lost mutation: Your translucent skin reduces your foes'
                  | accuracy. (Stealth+) [Jiyva's grace]
  9600 | Lair:4   | Gained mutation: You expend magic power (3 MP) to
                  | strengthen your wands. [Jiyva's grace]
  9600 | Lair:4   | Gained mutation: You can exhale a cloud of poison. [Jiyva's
                  | grace]
  9600 | Lair:4   | Gained mutation: Your mind is acute. (Int +2) [Jiyva's
                  | grace]
  9600 | Lair:4   | Gained mutation: Your mind is very acute. (Int +4) [Jiyva's
                  | grace]
  9627 | Lair:4   | Noticed an eight-headed hydra
  9635 | Lair:4   | Slimified an eight-headed hydra
  9635 | Lair:4   | Noticed an acid blob
  9635 | Lair:4   | an eight-headed hydra changed into an acid blob
  9688 | Lair:4   | Reached skill level 23 in Poison Magic
  9858 | Lair:4   | Found a staircase to the Snake Pit.
  9898 | Lair:4   | Killed an acid blob
  9972 | Lair:4   | Noticed a seven-headed hydra
  9979 | Lair:4   | Slimified a seven-headed hydra
  9979 | Lair:4   | Noticed an acid blob
  9979 | Lair:4   | a seven-headed hydra changed into an acid blob
 10111 | Lair:4   | Reached skill level 5 in Fighting
 10161 | Lair:4   | Noticed a five-headed hydra
 10167 | Lair:4   | Slimified a five-headed hydra
 10167 | Lair:4   | a five-headed hydra changed into a slime creature
 10491 | Lair:5   | Noticed a six-headed hydra
 10499 | Lair:5   | Killed a six-headed hydra
 10500 | Lair:5   | Gained mutation: You can use your snake-like lower body to
                  | constrict enemies. [Naga growth]
 10500 | Lair:5   | Reached XP level 13. HP: 74/114 MP: 17/17
 11033 | Lair:5   | Lost mutation: You have a pair of antennae on your head.
                  | [Jiyva's grace]
 11033 | Lair:5   | Lost mutation: Your translucent skin slightly reduces your
                  | foes' accuracy. (Stealth+) [Jiyva's grace]
 11033 | Lair:5   | Gained mutation: You are somewhat resistant to further
                  | mutation. [Jiyva's grace]
 11033 | Lair:5   | Gained mutation: You are somewhat resistant to both further
                  | mutation and mutation removal. [Jiyva's grace]
 11033 | Lair:5   | Gained mutation: You are almost entirely resistant to
                  | further mutation and mutation removal. [Jiyva's grace]
 11033 | Lair:5   | Gained mutation: You have a small jelly attached to you
                  | that senses nearby items. [Jiyva's grace]
 11590 | Lair:6   | Entered Level 6 of the Lair of Beasts
 11604 | Lair:6   | Noticed Josephine
 11615 | Lair:5   | Killed Josephine
 11830 | Lair:6   | Reached skill level 10 in Fighting
 12274 | Lair:6   | HP: 5/123 [burnt (9)]
 12275 | Lair:6   | HP: 1/123 [burnt (5)]
 12277 | Lair:6   | Slain by a small abomination

Illustrated notes

Levels and vault maps discovered:
D:1:      dpeg_arrival_stonehenge_12_columns, layout_basic
D:2:      minmay_chambers_of_ones, layout_rooms, basic_altar,
          dreamdust_ecumenical_altar_drowned_temple, grunt_decor_arrowhead
D:3:      layout_rooms, lemuel_blue_sif_altar
D:4:      layout_loops_corners, nicolae_gozag_zags_fifth_avenue,
          vehumet_altar_wand_db
D:5:      layout_loops_ring, nicolae_ru_awakened_eye,
          nicolae_ashenzari_skybound, lemuel_crystal_altar,
          mainiacjoe_overflow_cross_hatched, minmay_temple_entry_fiery,
          serial_rivers, chequers_serial_rivers_micro_a,
          chequers_serial_rivers_room_a, chequers_serial_rivers_large_b,
          chequers_serial_rivers_small_b, chequers_serial_rivers_micro_a,
          chequers_serial_rivers_room_a, serial_shops, nicolae_shop_stone,
          item_on_display_b
D:6:      layout_cave_pools, serial_shops, shop, uniq_menkaure, uniq_maggie,
          uniq_edmund
D:7:      layout_rooms, nicolae_elyvilon_peaceful_grove, serial_shops,
          nicolae_shop_temple_entry_statues_fountains
D:8:      layout_basic, amcnicky_altar_gilded, david_lair_shrubbed,
          enter_bailey_5, uniq_harold, uniq_joseph
Lair:1:   layout_chaotic_city, nicolae_lair_grazing_beasts
          [nicolae_sub_lair_graze_edge, nicolae_sub_lair_graze_edge,
          nicolae_sub_lair_graze_edge, nicolae_sub_lair_graze_edge]
Lair:2:   layout_loops_ring, swamp_mist, serial_bayou_shore_a,
          uniq_prince_ribbit2, uniq_sonja
Lair:3:   layout_cave_pods, wad_woods_river_01
Lair:4:   layout_regular_city, guppyfry_snake_entry_garden, lookout_lair_type
Lair:5:   layout_layer_cave
Lair:6:   hellmonk_lair_end_abyssal_woods, layout_gridlike, slime_altar_1,
          uniq_josephine

Skill      XL: |  1  2  3  4  5  6  7  8  9 10 11 12 13 |
---------------+----------------------------------------+-----
Dodging        | 2 3 |  3.0
Spellcasting   | 3 |  3.0
Fighting       | 2 3 6 10 | 10.0
Armour         | 1 3 |  3.0
Maces & Flails | 2 6 8 |  8.8
Poison Magic   | 5 9 14 17 21 23 | 23.1
Stealth        | |  3.5
Transmutations | |  1.1

Action                   |  1- 3 |  4- 6 |  7- 9 | 10-12 | 13-15 || total
-------------------------+-------+-------+-------+-------+-------++-------
Melee: Unarmed           |     6 |       |       |       |       ||     6
       Dagger            |    15 |       |       |       |       ||    15
       Whip              |    16 |    14 |       |       |       ||    30
       Shillelagh        |       |    28 |    80 |   198 |   116 ||   422
       Pseudopods        |       |     4 |    13 |    44 |    26 ||    87
       Punch             |       |     1 |       |       |     3 ||     4
       Flail             |       |       |       |     1 |       ||     1
       Constrict         |       |       |       |       |    21 ||    21
 Cast: Sting             |    41 |     2 |     1 |     3 |       ||    47
       Poisonous Vapours |    46 |    32 |    46 |    58 |     2 ||   184
       Olgreb's Toxic Ra |       |       |    11 |    68 |    27 ||   106
Invok: Slimify           |       |       |       |     5 |       ||     5
 Abil: Spit Poison       |     9 |     3 |     7 |    11 |       ||    30
       Breathe Poison Ga |       |       |       |     4 |     2 ||     6
Evoke: Wand              |       |       |       |     5 |       ||     5
  Use: Scroll            |     2 |     1 |     3 |     1 |     3 ||    10
       Potion            |       |       |       |     1 |     1 ||     2
 Stab: Sleeping          |       |     2 |     3 |     5 |       ||    10
       Distracted        |       |       |     1 |     1 |       ||     2
       Paralysed         |       |       |       |     1 |       ||     1
Armor: Robe              |    29 |    20 |     4 |       |       ||    53
       Acid dragon scale |       |       |    28 |   125 |    95 ||   248
Dodge: Dodged            |    20 |    19 |    26 |    89 |    57 ||   211
Block: Other             |       |     4 |     4 |       |       ||     8
